 Dungeon Crawl Stone Soup version 0.18-a0-1243-g9e52518 (webtiles) character file.

21 M4edhros the Charlatan (level 2, 0/27 HPs)
             Began as an Octopode Artificer on Feb 5, 2016.
             Succumbed to a worker ant's poison
             ... on level 4 of the Dungeon.
             The game lasted 00:02:31 (672 turns).

M4edhros the Charlatan (Octopode Artificer)          Turns: 672, Time: 00:02:31

Health: 0/27       AC: 21    Str: 10    XL:     2   Next: 87%
Magic:  4/4        EV:  2    Int: 14    God:
Gold:   0          SH:  0    Dex: 12    Spells: 0 memorised, 1 level left

rFire  . . .     SeeInvis .     n - +0 battleaxe
rCold  . . .     Gourm    .     (shield currently unavailable)
rNeg   + + +     Faith    .     (helmet currently unavailable)
rPois  +         Spirit   .     (no amulet)
rElec  .         Dismiss  .     (no ring)
rCorr  .         Reflect  .     (no ring)
SustAt .         Harm     .     (no ring)
MR     .....     NoTele   +     (no ring)
Stlth  +++.......               (no ring)
                                (no ring)
                                (no ring)
                                (no ring)

@: lethally poisoned (0 -> -16), tree-form, hasted, very quick, not resistant to
hostile enchantments, fairly stealthy
A: almost no armour, amphibious, 8 rings, (constrict 8), (camouflage 0),
(gelatinous body 0)
a: no special abilities


You were on level 4 of the Dungeon.
You were not hungry.
You were a tree.
You visited 1 branch of the dungeon, and saw 4 of its levels.

Inventory:

Hand Weapons
 a - a +0 short sword
 n - a +0 battleaxe (weapon)
Missiles
 e - 6 poisoned tomahawks (quivered)
 h - 73 stones
Wands
 b - a wand of flame (15/48)
 c - a wand of enslavement (13/24)
 d - a wand of random effects (13/48)
 o - a wand of paralysis (12/24)
Scrolls
 k - a scroll of magic mapping {unknown}
 l - a scroll of remove curse {unknown}
 q - 3 scrolls of identify {unknown}
Potions
 g - a potion of cancellation {unknown}
 i - a potion of might {unknown}
 m - a potion of curing {unknown}
 p - a potion of lignification
Comestibles
 f - a bread ration


   Skills:
 - Level 1.0 Fighting
 - Level 1.0 Short Blades
 * Level 2.7 Dodging
 * Level 2.3 Stealth
 + Level 3.5 Evocations


You had one spell level left.
You didn't know any spells.

Dungeon Overview and Level Annotations

Branches:
Dungeon (4/15)             Temple (0/1) D:4

Altars:

Portals:
Sewer: D:3

Annotations:
D:3 Azzok's ghost, amateur OpFE


Innate Abilities, Weirdness & Mutations

You cannot wear most types of armour.
You are amphibious.
You can wear up to eight rings at the same time.
((You can use your tentacles to constrict eight enemies at once.))
((Your skin changes colour to match your surroundings (Stealth).))
((Your rubbery body absorbs attacks (AC +1).))


Message History

The worker ant poisons you!
The worker ant bites you but does no damage.
Evoke which item? (* to show all) (? for menu, Esc to quit)
Zapping:
c - a wand of enslavement (14/24)
Press: ? - help, Shift-Dir - straight line, f/p - worker ant
Aim: a worker ant (lightly wounded, chance to defeat MR: 62%)
The worker ant resists with significant effort.
This wand has 13 charges left.
You feel sick. The worker ant bites you.
* * * LOW HITPOINT WARNING * * *
You are more poisoned.
The worker ant poisons you!
Drink which item? (? for menu, Esc to quit)
It was a potion of lignification.
You turn into a tree.
Your roots penetrate the ground.
* * * LOW HITPOINT WARNING * * *
You feel sick.
The worker ant bites you but does no damage.
Drink which item? (? for menu, Esc to quit)
It was a potion of haste.
You feel yourself speed up.
You die...

....... ...............
#####+# ...#.#.#.#.#...
# ................ #
....#.......#... ##+#
###............# #...
#..+.#...>...#.# #...
..#...........# #...
##########..#..a♣...#.##
#...
........................
###.
..............#.#.#.#...
#.
........................
+.
........................
#<
........................
#.
....#########.....#+###.
... ....+ #.....# ....
....# #.....# .....


You could see a worker ant.

Vanquished Creatures
  A worm (D:4)
  2 giant geckos
  An orc (D:4)
  A giant cockroach (D:3)
  2 goblins (D:2)
  2 hobgoblins
  A ball python (D:3)
  A bat (D:3)
  3 kobolds
  A rat (D:3)
15 creatures vanquished.

Notes
Turn   | Place    | Note
--------------------------------------------------------------
     0 | D:1      | M4edhros the Octopode Artificer began the quest for the Orb.
     0 | D:1      | Reached XP level 1. HP: 13/13 MP: 3/3
   129 | D:1      | Reached XP level 2. HP: 16/18 MP: 4/4
   358 | D:3      | Noticed Azzok's ghost (amateur OpFE)
   370 | D:3      | Noticed a giant frog
   402 | D:3      | Found a glowing drain.
   658 | D:4      | Found a staircase to the Ecumenical Temple.
   671 | D:4      | HP: 1/27 [poisoned by a worker ant]
   672 | D:4      | Succumbed to a worker ant's poison

Vault maps used:
D:1:      dpeg_arrival_pond
D:2:      serial_corexii_hall, corexii_hall_statues_i, corexii_hall_statues_x
D:3:      marbit_many_paths, lightli_temple_of_fire, cheibriados_altar_wand_db,
          portal_sewer_entry_b, nrook_loot_triangle
D:4:      overflow_temple_1_default, overflow_temple_1_default,
          minmay_temple_entry_glass, first_bread, kennysheep_opposing_triangles

Action                   || total
-------------------------++-------
Melee: Short sword       ||    14
       Battleaxe         ||     9
Evoke: Wand              ||     4
  Use: Potion            ||     2
 Stab: Sleeping          ||     7
